 Dungeon Crawl Stone Soup version 0.31-a0-1068-g5939ac1fb6 (webtiles) character file.

Game seed: 13687211759577119651

74475 Armakuni the Basher (level 15, -6/98 (103) HPs)
             Began as a Human Artificer on Nov 23, 2023.
             Was a High Priest of Vehumet.
             Mangled by a skeletal warrior
             ... wielding a +0 flail
              (18 damage)
             ... on level 15 of the Dungeon.
             The game lasted 01:03:37 (25421 turns).

Armakuni the Basher (Human Artificer)              Turns: 25421, Time: 01:03:38

HP:   -6/98 (103)   AC: 20    Str: 17    XL:     15   Next: 94%
MP:   2/29          EV: 12    Int: 17    God:    Vehumet [*****.]
Gold: 1403          SH:  5    Dex: 14    Spells: 18/34 levels left

rFire   . . .        a - +4 demon whip (elec)
rCold   . . .        C - +0 buckler
rNeg    . . .        e - +5 ring mail {rPois}
rPois   +            x - +0 helmet
rElec   .            w - +0 cloak
rCorr   .            u - +2 pair of gloves {Str+3}
SInv    +            m - +2 pair of boots
Will    +....        R - amulet of regeneration
Stlth   +            I - ring of see invisible
HPRegen 1.16/turn    U - +4 ring of slaying
MPRegen 0.21/turn

%: no passive effects
@: very slightly contaminated, studying Throwing, lightly drained
A: no striking features
a: Renounce Religion


You were on level 15 of the Dungeon.
You worshipped Vehumet.
Vehumet was extremely pleased with you.
You visited 2 branches of the dungeon, and saw 20 of its levels.
You also visited: Gauntlet and Ice Cave.

You collected 2393 gold pieces.
You spent 990 gold pieces at shops.

Inventory:

Hand Weapons
 a - a +4 demon whip of electrocution (weapon)
Missiles
 y - 2 throwing nets
Armour
 e - a +5 ring mail of poison resistance (worn)
 m - a +2 pair of boots (worn)
 u - a +2 pair of gloves of strength (worn)
 w - a +0 cloak (worn)
 x - a +0 helmet (worn)
 C - a +0 buckler (worn)
 Q - +0 pearl dragon scales
Magical Staves
 b - a staff of conjuration
Jewellery
 I - a ring of see invisible (left hand)
 J - a ring of protection from cold
 N - a ring of fire
 P - a ring of poison resistance
 R - an amulet of regeneration (around neck)
 U - a +4 ring of slaying (right hand)
 W - a ring of wizardry
Wands
 c - a wand of charming (1)
 j - a wand of iceblast (7)
 v - a wand of flame (35)
 M - a wand of digging (7)
Scrolls
 d - a scroll of revelation
 f - a scroll of butterflies
 g - 4 scrolls of immolation
 k - 2 scrolls of noise
 n - 14 scrolls of teleportation
 r - a scroll of poison
 t - a scroll of blinking
 A - 5 scrolls of vulnerability
 B - 4 scrolls of identify
 D - 2 scrolls of fog
 L - a scroll of enchant armour
Potions
 h - a potion of cancellation
 i - 3 potions of might
 o - 6 potions of haste
 q - a potion of magic
 z - 2 potions of heal wounds
 E - 10 potions of curing
 G - 2 potions of lignification
 K - 2 potions of invisibility
 T - 4 potions of brilliance
 V - 2 potions of resistance
 X - 2 potions of mutation
Miscellaneous
 l - a lightning rod (2/4)
 O - a phial of floods
 S - a sack of spiders


   Skills:
 - Level 5.0 Fighting
 - Level 5.0 Long Blades
 - Level 12.0 Maces & Flails
 - Level 6.0 Armour
 - Level 5.0 Dodging
 - Level 1.0 Stealth
 - Level 4.0 Shields
 - Level 10.0 Spellcasting
 - Level 10.0 Conjurations
 - Level 10.0 Fire Magic
 + Level 9.1 Air Magic
 - Level 3.0 Earth Magic
 - Level 10.0 Evocations


You had 18 spell levels left.
You knew the following spells:

 Your Spells              Type           Power      Damage    Failure   Level
b - Starburst             Conj/Fire      21%        6d7       13%         6
m - Mephitic Cloud        Conj/Pois/Air  30%        N/A       1%          3
s - Sticky Flame          Conj/Fire      42%        2d6       1%          4
z - Stone Arrow           Conj/Erth      60%        3d10      1%          3

Your spell library contained the following spells:

 Spells                   Type           Power      Damage    Failure   Level
 Freezing Cloud           Conj/Ice/Air   15%        6-21      11%         5
 Foxfire                  Conj/Fire      100%       2x1d9     1%          1
 Magic Dart               Conj           100%       1d8       1%          1
 Sandblast                Erth           36%        2d10      1%          1
 Shock                    Conj/Air       100%       1d9       1%          1
 Inner Flame              Hex/Fire       25%        N/A       1%          3
 Swiftness                Air            39%        N/A       1%          3
 Airstrike                Air            19%        2d(3-19)  1%          4
 Brom's Barrelling Bould  Conj/Erth      30%        2d5       3%          4
 Passwall                 Tmut/Erth      10%        N/A       16%         2
 Conjure Ball Lightning   Conj/Air       20%        3x3d6     16%         6
 Plasma Beam              Fire/Air       20%        2x1d32    16%         6
 Necrotise                Necr           32%        1d5       19%         1
 Slow                     Hex            32%        N/A       19%         1
 Call Imp                 Summ           16%        N/A       28%         2
 Ensorcelled Hibernation  Hex/Ice        16%        N/A       28%         2
 Confusing Touch          Hex            8%         N/A       50%         3
 Sigil of Binding         Hex            8%         N/A       50%         3
 Vampiric Draining        Necr           8%         2d6       50%         3
 Yara's Violent Unravell  Hex/Tmut       4%         3d4       75%         5
 Borgnjor's Vile Clutch   Necr/Erth      6%         N/A       95%         5
 Agony                    Necr           8%         N/A       99%         5
 Alistair's Intoxication  Tmut/Pois      5%         N/A       99%         5
 Eringya's Noxious Bog    Tmut/Pois      4%         4d6       99%         6
 Enfeeble                 Hex            4%         N/A       100%        7
 Discord                  Hex            4%         N/A       100%        8
 Disjunction              Tloc           4%         N/A       100%        8
 Chain Lightning          Conj/Air       20%        3d26      100%        9
 Fire Storm               Conj/Fire      21%        8d5       100%        9
 Shatter                  Erth           9%         3d11*     100%        9


Dungeon Overview and Level Annotations

Branches:
Dungeon (15/15)              Lair (5/5) D:9          Shoals (0/4) Lair:3
  Snake (0/4) Lair:2        Slime (0/5) Lair:4          Orc (0/2) D:9
 Vaults (0/5) D:13         Depths (0/4) D:15          IceCv (visited)
Gauntlet (visited)
 Temple: D:4-7

Altars:
Elyvilon
Fedhas
Makhleb
Nemelex Xobeh
Ru
Sif Muna
Trog
Vehumet
Yredelemnul
Zin
Jiyva

Shops:
D:1 ?   D:3 !   D:9 (   D:14 *

Portals:
Hell: Lair:5

Annotations:
Lair:3 3 runed translucent doors, AceOff's ghost, journeyman MiFi


Message History

Casting: Starburst (dangerous; 13% risk of failure)
Confirm with . or Enter, or press ? or * to list all spells.
Casting: Starburst (dangerous; 13% risk of failure)
Press: ? - help, Dir - look around, f - activate The bolt of fire hits the vampire mage!!
The vampire mage is severely damaged.
The bolt of fire hits the skeletal warrior!!
The skeletal warrior is moderately damaged.
The vampire mage burns!
The vampire mage stops burning.
The skeletal warrior closely misses you.
The vampire mage draws life force from you!
The vampire mage is healed by the life force!
Casting: Starburst (dangerous; 13% risk of failure)
Confirm with . or Enter, or press ? or * to list all spells.
Casting: Starburst (dangerous; 13% risk of failure)
Press: ? - help, Dir - look around, f - activate You miscast Starburst.
Nothing appears to happen.
The skeletal warrior hits you but does no damage.
The vampire mage draws life force from you!
The vampire mage is healed by the life force!
Casting: Starburst (dangerous; 13% risk of failure)
Confirm with . or Enter, or press ? or * to list all spells.
Casting: Starburst (dangerous; 13% risk of failure)
Press: ? - help, Dir - look around, f - activate The bolt of fire misses the skeletal warrior.
The bolt of fire hits the vampire mage!
The vampire mage is severely damaged.
The skeletal warrior completely misses you.
The vampire mage draws life force from you!!
The vampire mage is healed by the life force!
You whack the vampire mage!
The vampire mage is heavily damaged.
The skeletal warrior hits you with a +0 flail!!
* * * LOW HITPOINT WARNING * * *
The vampire mage hits you but does no damage.
The vampire mage bites you but does no damage.
You closely miss the vampire mage.
The vampire mage is heavily damaged.
The skeletal warrior hits you with a +0 flail!!
You die...

.........
......P.. .#
........#####...##
.P8....8.........
.........## ...
.>.88...[.###.#
........#..#.#
.........Vz.#####.
.P......##@.......
...8.......#......
........##........
P..8.8.....###....
......# ### #..^
.... ..# . ..


You could see a skeletal warrior and a vampire mage (invisible).

Vanquished Creatures
  Rupert (D:13)
  A dire elephant (Lair:5)
  A minotaur (Gauntlet)
  Snorg (D:10)
  A quicksilver dragon zombie (D:15)
  3 hydras
  3 centaur warriors
  A boulder beetle (D:10)
  11 death yaks
  5 two-headed ogres
  A sphinx skeleton (D:15)
  4 spriggan berserkers (D:14)
  A tengu warrior (D:14)
  A sun demon (Lair:5)
  2 skeletal warriors (D:14)
  An arcanist (Lair:5)
  An orc knight (D:13)
  2 oklob plants (Lair:3)
  A necromancer (D:15)
  11 ugly things
  2 deep elf pyromancers
  3 manticores
  4 cyclopes
  6 black mambas
  3 elephants
  A storm dragon simulacrum (IceCv)
  A minotaur zombie (Gauntlet)
  An orange demon (Lair:5)
  16 cane toads
  2 unseen horrors
  8 rime drakes
  9 komodo dragons
  2 ice devils (Lair:5)
  A golden dragon simulacrum (IceCv)
  2 red devils (Lair:5)
  2 trolls
  A meliai (shapeshifter) (D:14)
  Grinder (D:5)
  4 polar bears
  A hellwing (Lair:5)
  5 dream sheep (Lair:3)
  19 blink frogs
  2 raiju (Gauntlet)
  A jumping spider (shapeshifter) (D:13)
  Sigmund (D:6)
  8 slime creatures
  A shadow (D:9)
  A vampire (D:11)
  44 yaks
  3 wraiths
  4 wyverns
  3 basilisks
  9 vampire mosquitoes
  A steam dragon (Gauntlet)
  4 hell hounds (Lair:5)
  Duvessa (D:5)
  18 water moccasins
  3 orc warriors
  A sky beast (D:8)
  2 ice beasts
  A black bear (D:5)
  A boggart (D:7)
  2 ogres
  3 ice dragon simulacra (IceCv)
  4 wolves (Lair:3)
  2 elephant zombies (D:8)
  13 centaurs
  2 kobold brigands
  An elf zombie (D:8)
  4 gnoll sergeants
  13 bullfrogs
  Blork the orc (D:4)
  A scorpion (D:5)
  5 wights
  A lindwurm simulacrum (IceCv)
  9 killer bees
  5 electric eels
  10 howler monkeys
  2 centaur zombies (D:8)
  A hound (D:6)
  8 orc priests
  3 gnoll boudas
  A jelly (D:4)
  Jessica (D:3)
  An iguana (D:5)
  10 orc wizards
  A sleepcap (D:6)
  A lightning spire (Gauntlet)
  2 scorpion zombies (D:8)
  An ogre zombie (D:8)
  4 hound zombies (D:8)
  A howler monkey zombie (D:8)
  34 gnolls
  8 adders
  A white imp (D:6)
  2 adder zombies (D:8)
  3 worms
  2 dart slugs
  38 orcs
  2 bats
  8 endoplasms
  4 giant cockroaches (D:1)
  4 goblins
  6 hobgoblins
  8 quokkas
  9 ball pythons
  2 frilled lizards
  10 kobolds
  4 rats
514 creatures vanquished.

Vanquished Creatures (collateral kills)
  An angel (D:11)
  A cane toad (Lair:1)
  2 yaks (D:10)
  2 wights (D:7)
  Dowan (D:5)
7 creatures vanquished.

Vanquished Creatures (others)
  An elephant (Lair:1)
  A minotaur zombie (Gauntlet)
  A cane toad (Lair:1)
  A wight (D:7)
  An orc wizard (D:11)
  An orc (D:9)
6 creatures vanquished.

Grand Total: 527 creatures vanquished

Notes
Turn   | Place    | Note
-------+----------+-------------------------------------------
     0 | D:1      | Armakuni the Human Artificer began the quest for the Orb.
     0 | D:1      | Reached XP level 1. HP: 15/15 MP: 1/1
   243 | D:1      | Reached XP level 2. HP: 21/21 MP: 2/2
   572 | D:1      | Found Gamem's Magic Scroll Shop.
   603 | D:1      | Reached XP level 3. HP: 26/26 MP: 3/3
  1221 | D:2      | Reached XP level 4. HP: 30/32 MP: 4/4
  1261 | D:2      | Noticed a great orb of eyes
  1263 | D:2      | Found a faded altar of an unknown god.
  1264 | D:2      | Noticed a golden eye
  1264 | D:2      | Noticed a shining eye
  1264 | D:2      | Noticed a great orb of eyes
  1752 | D:3      | Noticed Jessica
  1762 | D:3      | Killed Jessica
  1763 | D:3      | Reached skill level 5 in Evocations
  1808 | D:3      | Reached XP level 5. HP: 33/33 MP: 5/5
  2089 | D:3      | Found Gumoewuqaw's Distillery.
  2910 | D:4      | Noticed an ice beast
  2915 | D:4      | Killed an ice beast
  2916 | D:4      | Reached XP level 6. HP: 43/43 MP: 6/6
  2938 | D:4      | Found a radiant altar of Vehumet.
  2973 | D:4      | Became a worshipper of Vehumet
  2981 | D:4      | Noticed Blork the orc
  2985 | D:4      | Killed Blork the orc
  3303 | D:5      | Entered Level 5 of the Dungeon
  3313 | D:5      | Noticed Duvessa
  3314 | D:5      | Noticed Dowan
  3320 | D:5      | Killed Dowan
  3321 | D:5      | Reached XP level 7. HP: 48/48 MP: 7/7
  3322 | D:5      | Killed Duvessa
  3422 | D:5      | Noticed Grinder
  3427 | D:5      | Paralysed by Grinder for 3 turns
  3431 | D:5      | Paralysed by Grinder for 5 turns
  3445 | D:5      | Killed Grinder
  3446 | D:5      | Reached XP level 8. HP: 41/54 MP: 8/8
  3516 | D:5      | Found a transporter.
  3563 | D:5      | Found a transporter.
  3950 | D:5      | Found a sparkling altar of Nemelex Xobeh.
  4425 | D:6      | Noticed Sigmund
  4432 | D:6      | Killed Sigmund
  4433 | D:6      | Reached skill level 10 in Evocations
  4912 | D:6      | Identified the +0 war axe "Miab" {vamp, Int-4 Dex+5}
  5097 | D:6      | Reached XP level 9. HP: 66/66 MP: 9/9
  5146 | D:6      | Reached skill level 5 in Fighting
  5146 | D:6      | Reached skill level 1 in Long Blades
  5539 | D:7      | Reached * piety under Vehumet
  5539 | D:7      | Offered knowledge of Foxfire by Vehumet.
  5546 | D:7      | Learned a level 3 spell: Stone Arrow
  5983 | D:7      | Noticed Maggie
  5984 | D:7      | Maggie changed into Maggie the boggart
  5984 | D:7      | Noticed Maggie
  5999 | D:7      | Killed Maggie the boggart
  6089 | D:7      | Reached skill level 5 in Long Blades
  6950 | D:8      | Offered knowledge of Static Discharge by Vehumet.
  6959 | D:8      | Reached ** piety under Vehumet
  7061 | D:8      | Identified the +2 robe of Dishonour {rElec Str+5 Dex-4
                  | Archmagi}
  7105 | D:8      | Reached XP level 10. HP: 71/74 MP: 10/10
  7213 | D:8      | Found a basalt altar of Yredelemnul.
  7261 | D:8      | Reached skill level 5 in Armour
  7285 | D:8      | Offered knowledge of Momentum Strike by Vehumet.
  7298 | D:8      | Reached skill level 5 in Dodging
  7473 | D:8      | Reached *** piety under Vehumet
  7524 | D:8      | Reached skill level 1 in Shields
  7971 | D:9      | Noticed a cyclops
  7973 | D:9      | Killed a cyclops
  7974 | D:9      | Reached skill level 1 in Spellcasting
  7974 | D:9      | Noticed a death yak
  8118 | D:9      | Killed a death yak
  8119 | D:9      | Reached skill level 1 in Conjurations
  8119 | D:9      | Reached skill level 1 in Earth Magic
  8303 | D:9      | Found Rixiuk's Antique Weapon Shoppe.
  8354 | D:9      | Found a staircase to the Orcish Mines.
  8357 | D:9      | Noticed a cyclops
  8375 | D:9      | Killed a cyclops
  8584 | D:9      | Reached XP level 11. HP: 79/79 MP: 15/15
  8671 | D:9      | Offered knowledge of Fulminant Prism by Vehumet.
  8792 | D:9      | Found a bloodstained altar of Trog.
  8918 | D:9      | Found a staircase to the Lair.
  8918 | D:9      | Noticed a death yak
  8919 | D:9      | Noticed a death yak
  8920 | D:9      | Noticed a death yak
  8921 | D:9      | Noticed a death yak
  8921 | D:9      | Noticed a death yak
  8921 | D:9      | Noticed a death yak
  8931 | D:9      | Identified a scroll of acquirement
  8931 | D:9      | Noticed a death yak
  8936 | D:9      | Killed a death yak
  8936 | D:9      | Killed a death yak
  8936 | D:9      | Killed a death yak
  8937 | D:9      | Killed a death yak
  8937 | D:9      | Killed a death yak
  8937 | D:9      | Killed a death yak
  8938 | D:9      | Killed a death yak
  8979 | D:9      | Learned a level 3 spell: Mephitic Cloud
  9247 | D:9      | Found a burning altar of Makhleb.
  9247 | D:9      | Noticed a balrug
  9325 | D:9      | Acquired a +2 demon whip of electrocution
  9547 | D:1      | Bought a scroll of acquirement for 624 gold pieces
  9548 | D:1      | Acquired 648 gold pieces
  9551 | D:1      | Bought a scroll of immolation for 48 gold pieces
  9551 | D:1      | Bought a scroll of enchant armour for 90 gold pieces
  9551 | D:1      | Bought a scroll of teleportation for 36 gold pieces
  9551 | D:1      | Bought a scroll of identify for 24 gold pieces
  9551 | D:1      | Bought a scroll of identify for 24 gold pieces
  9551 | D:1      | Bought a scroll of identify for 24 gold pieces
  9759 | Lair:1   | Entered Level 1 of the Lair of Beasts
  9854 | Lair:1   | Noticed an elephant
  9869 | Lair:1   | Reached skill level 1 in Maces & Flails
  9871 | Lair:1   | Noticed an elephant
  9873 | Lair:1   | Noticed an elephant
  9889 | Lair:1   | Killed an elephant
  9894 | Lair:1   | Reached **** piety under Vehumet
  9895 | Lair:1   | Reached skill level 2 in Maces & Flails
  9895 | Lair:1   | Reached XP level 12. HP: 30/86 MP: 1/16
 10089 | Lair:1   | Reached skill level 3 in Maces & Flails
 10391 | Lair:1   | Offered knowledge of Sticky Flame by Vehumet.
 10392 | Lair:1   | Reached skill level 10 in Conjurations
 10397 | Lair:1   | Learned a level 4 spell: Sticky Flame
 10552 | Lair:1   | Reached skill level 4 in Maces & Flails
 10577 | Lair:1   | Reached skill level 5 in Maces & Flails
 10674 | Lair:1   | Learned a level 6 spell: Starburst
 11288 | Lair:1   | Reached skill level 6 in Maces & Flails
 11564 | Lair:2   | Noticed a death yak
 11564 | Lair:2   | Noticed a death yak
 11564 | Lair:2   | Noticed a death yak
 11584 | Lair:1   | Killed a death yak
 11703 | Lair:2   | Reached skill level 7 in Maces & Flails
 11707 | Lair:2   | Reached skill level 1 in Fire Magic
 11776 | Lair:2   | Noticed a five-headed hydra
 11781 | Lair:2   | Killed a five-headed hydra
 12311 | Lair:2   | Found a staircase to the Snake Pit.
 12330 | Lair:2   | Reached skill level 8 in Maces & Flails
 12532 | Lair:2   | Killed a death yak
 12533 | Lair:2   | Reached XP level 13. HP: 91/91 MP: 17/17
 12807 | Lair:2   | Reached skill level 9 in Maces & Flails
 13188 | Lair:3   | Noticed a four-headed hydra
 13198 | Lair:3   | Killed a four-headed hydra
 13199 | Lair:3   | Reached skill level 10 in Maces & Flails
 13683 | Lair:3   | Found a runed translucent gate.
 13683 | Lair:3   | Found a runed translucent gate.
 13683 | Lair:3   | Found a runed translucent gate.
 13683 | Lair:3   | You fall into a shaft and drop 2 floors!
 13683 | Lair:5   | Entered Level 5 of the Lair of Beasts
 13797 | Lair:5   | Reached skill level 11 in Maces & Flails
 14128 | Lair:4   | Reached ***** piety under Vehumet
 14302 | Lair:3   | Offered knowledge of Ozocubu's Refrigeration by Vehumet.
 14395 | Lair:3   | Reached skill level 12 in Maces & Flails
 14654 | Lair:3   | Found a staircase to the Shoals.
 14698 | Lair:3   | Noticed AceOff's ghost (journeyman MiFi)
 15007 | Lair:3   | Reached skill level 5 in Spellcasting
 15295 | Lair:3   | Found a blossoming altar of Fedhas.
 15306 | Lair:3   | Reached skill level 5 in Fire Magic
 16314 | Lair:4   | Reached XP level 14. HP: 98/98 MP: 17/21
 16420 | Lair:4   | Acquired a staff of conjuration
 16592 | Lair:4   | Found a viscous altar of Jiyva.
 16592 | Lair:4   | Found a staircase to the Slime Pits.
 17590 | Lair:5   | Noticed a dire elephant
 17866 | Lair:5   | Killed a dire elephant
 18165 | Lair:5   | Reached skill level 10 in Fire Magic
 18596 | Lair:5   | Found a burning altar of Makhleb.
 18606 | Lair:5   | Found a gateway to Hell.
 18817 | D:10     | Entered Level 10 of the Dungeon
 19131 | D:9      | Found a sacrificial altar of Ru.
 19151 | D:10     | Identified the +4 ring mail of the Desert {Regen+ Str+3
                  | Slay-5 SInv}
 19331 | D:10     | Noticed Snorg
 19334 | D:10     | Offered knowledge of Olgreb's Toxic Radiance by Vehumet.
 19338 | D:10     | Killed Snorg
 20033 | D:11     | Found a gate leading to a gauntlet.
 20040 | Gauntlet | Entered a Gauntlet
 20040 | Gauntlet | Found a transporter.
 20040 | Gauntlet | Found a transporter.
 20041 | Gauntlet | Found a transporter.
 20041 | Gauntlet | Found a transporter.
 20044 | Gauntlet | Found a transporter.
 20044 | Gauntlet | Found a transporter.
 20054 | Gauntlet | Found a transporter.
 20058 | Gauntlet | Found a transporter.
 20068 | Gauntlet | Found a transporter.
 20076 | Gauntlet | Found a transporter.
 20092 | Gauntlet | Found a transporter.
 20096 | Gauntlet | Found a transporter.
 20501 | Gauntlet | Noticed a minotaur
 20516 | Gauntlet | Killed a minotaur
 20974 | D:11     | Found a shimmering blue altar of Sif Muna.
 21398 | D:11     | Found a glowing silver altar of Zin.
 21398 | D:11     | Noticed an angel
 21450 | D:11     | Killed an angel
 21868 | D:12     | Reached XP level 15. HP: 98/103 MP: 23/27
 23046 | D:13     | Found a gate to the Vaults.
 23052 | D:13     | Offered knowledge of Freezing Cloud by Vehumet.
 23053 | D:13     | Reached skill level 10 in Spellcasting
 23053 | D:13     | Reached skill level 1 in Air Magic
 23290 | D:13     | Found a white marble altar of Elyvilon.
 23594 | D:13     | Noticed Rupert
 23605 | D:13     | Killed Rupert
 23617 | D:13     | Reached skill level 5 in Air Magic
 24118 | D:14     | Found Umnica's General Store.
 24126 | D:14     | Bought a potion of cancellation for 80 gold pieces
 24126 | D:14     | Bought a scroll of poison for 40 gold pieces
 24130 | D:14     | Found a frozen archway.
 24141 | IceCv    | Entered an ice cave
 24875 | D:14     | Found the +8 Wrath of Trog {antimagic, *Rage Rampage}
 25101 | D:15     | Entered Level 15 of the Dungeon
 25104 | D:15     | Found a staircase to the Depths.
 25421 | D:15     | Mangled by a skeletal warrior

Illustrated notes

Levels and vault maps discovered:
D:1:      shiori_arrival_maze, layout_basic, serial_shops, shop
D:2:      layout_rooms, hellmonk_ecumenical_altar_watching_god
D:3:      layout_loops_ring, serial_shops, shop, minmay_ruptured, uniq_jessica
D:4:      layout_loops_ring, vehumet_altar_wand_db, uniq_blork_the_orc
D:5:      gammafunk_wand_slinger, layout_loops_ring, lemuel_tele_altar,
          minivault_11, uniq_duvessa, uniq_grinder
D:6:      layout_loops_ring, uniq_sigmund
D:7:      layout_loops_ring, minmay_temple_entry_from_below_a, uniq_maggie
D:8:      hellmonk_destroyed_diamonds, layout_loops_ring,
          roadster_capsule_ark_zombie
D:9:      layout_loops_ring, makhleb_altar_promises_db,
          mainiacjoe_overflow_small_starburst, nicolae_overflow_hidden_temple,
          dpeg_lair_monsters, erik_orc_3, serial_shops,
          nicolae_shop_real_fake_doors
D:10:     layout_grid_maze, uniq_snorg
D:11:     layout_basic, gauntlet_entry_generic, serial_library,
          serial_library_regret_index_split_case,
          serial_library_hellmonk_small_corner,
          serial_library_hellmonk_narrow_alcove,
          serial_library_hellmonk_long_bookcase,
          serial_library_regret_index_branch_corner,
          serial_library_hellmonk_reading_circle,
          serial_library_regret_index_multi,
          serial_library_hellmonk_small_corner, dreamdust_princess_corridor,
          zin_angel
D:12:     layout_big_octagon, nicolae_the_louvre
D:13:     layout_loops_cross, david_vaults_1, elyvilon_altar_3, uniq_rupert
D:14:     layout_cave_pools, serial_shops, shop, chequers_serial_rivers_large_a,
          portal_ice_cave_entry_pillars_four,
          minmay_guarded_unrand_wrath_of_trog
D:15:     gammafunk_depths_entry_grave, layout_rooms, hex_intersection,
          chequers_jeans, st_stairs_7, slow_altar_2
Lair:1:   layout_hall_layers, beast_lair_carwin_11, grunt_megastairs_5,
          infiniplex_staircase_pool_2
Lair:2:   layout_roguey, minmay_snake_entry_six_corridors,
          nicolae_quartered_pool_medium, grunt_megastairs_2,
          serial_bayou_shore_b
Lair:3:   layout_regular_city, elwin_shoals_entry_rocks,
          ebering_ghost_rock_garden, hangedman_tree_tricks, beast_lair_carwin_5
Lair:4:   layout_cave_pods, dpeg_slime_entry_enclosed, grunt_megastairs_1
Lair:5:   evil_forest, layout_long_grid, serial_bayou_shore_a,
          serial_bayou_shore_b

Skill      XL: |  1  2  3  4  5  6  7  8  9 10 11 12 13 14 15 |
---------------+----------------------------------------------+-----
Evocations     | 4 5 6 7 9 10 | 10.0
Fighting       | 4 5 |  5.0
Long Blades    | 5 |  5.0
Dodging        | 3 5 |  5.0
Armour         | 4 6 |  6.0
Shields        | 4 |  4.0
Spellcasting   | 3 5 8 10 | 10.0
Conjurations   | 2 9 10 | 10.0
Earth Magic    | 2 3 |  3.0
Maces & Flails | 2 8 12 | 12.0
Fire Magic     | 4 6 10 | 10.0
Air Magic      | 9 |  9.1
Stealth        | |  1.0

Action                     |  1- 3 |  4- 6 |  7- 9 | 10-12 | 13-15 || total
---------------------------+-------+-------+-------+-------+-------++-------
  Melee: Mace              |   113 |   177 |    25 |       |       ||   315
         Club              |     4 |       |       |       |       ||     4
         Punch             |       |     1 |     8 |     5 |       ||    14
         Double sword      |       |       |   210 |   271 |       ||   481
         Flail             |       |       |     8 |       |       ||     8
         Demon whip        |       |       |       |   149 |   781 ||   930
  Throw: Throwing net      |       |       |       |     1 |     9 ||    10
         Dart              |       |       |       |     1 |       ||     1
   Cast: Stone Arrow       |       |       |       |    21 |    73 ||    94
         Sticky Flame      |       |       |       |    26 |   151 ||   177
         Mephitic Cloud    |       |       |       |       |    37 ||    37
         Starburst         |       |       |       |       |    11 ||    11
  Evoke: Wand              |     4 |    10 |    50 |     6 |    23 ||    93
         Lightning rod     |       |       |       |    15 |    13 ||    28
         Sack of spiders   |       |       |       |       |     1 ||     1
    Use: Scroll            |     7 |     6 |     5 |    12 |    16 ||    46
         Potion            |       |       |       |     2 |     5 ||     7
   Stab: Sleeping          |     1 |     3 |     1 |       |       ||     5
         Distracted        |       |       |     1 |       |       ||     1
         Confused          |       |       |       |       |    22 ||    22
         Held in net/web   |       |       |       |       |     1 ||     1
 Armour: Leather armour    |    46 |       |       |       |       ||    46
         Ring mail         |    57 |   137 |   250 |   315 |   615 ||  1374
         Skin              |       |       |       |     5 |       ||     5
  Dodge: Dodged            |    94 |   112 |   164 |   256 |   398 ||  1024
  Block: Buckler           |       |       |       |    88 |   317 ||   405
         Reflection        |       |       |       |       |    18 ||    18

Table legend: (Time is in decaauts)
 A = Elapsed time spent in this place.
 B = Non-inter-level travel time spent in this place.
 C = Inter-level travel time spent in this place.
 D = Time resting spent in this place.
 E = Time spent auto-exploring this place.
 F = Levels seen in this place.
 G = Mean time per level.
                   A        B        C        D        E       F      G
               +--------+--------+--------+--------+--------+-----+--------+
         Total |  25375 |  24274 |   1101 |   6021 |  12749 |  22 | 1153.4 |
       Dungeon |  15677 |  14841 |    836 |   2668 |   8330 |  15 | 1045.1 |
          Lair |   8914 |   8650 |    264 |   2974 |   4240 |   5 | 1782.8 |
      Ice Cave |    103 |    103 |      0 |     38 |     36 |   1 |  103.0 |
      Gauntlet |    680 |    680 |      0 |    341 |    142 |   1 |  680.0 |
               +--------+--------+--------+--------+--------+-----+--------+

Top non-repeatable levels by time:
  Lair:1: 2322 daAuts
  Lair:3: 2093 daAuts
  Lair:5: 1946 daAuts
     D:9: 1505 daAuts
    D:11: 1498 daAuts
  Lair:4: 1429 daAuts
     D:7: 1405 daAuts
     D:8: 1318 daAuts
    D:14: 1288 daAuts
     D:5: 1177 daAuts
  Lair:2: 1122 daAuts
     D:6: 1081 daAuts
     D:3: 1023 daAuts
    D:13: 1019 daAuts
    D:10: 1009 daAuts
